 Dungeon Crawl Stone Soup version 0.30-a0-1160-g6e42c06551 (webtiles) character file.

Game seed: 5374096787011094762

100 halvedace the Poker (level 4, -2/35 HPs)
             Began as a Merfolk Gladiator on Apr 24, 2023.
             Slain by a gnoll
             ... wielding a +0 spear
              (5 damage)
             ... on level 3 of the Dungeon on Apr 25, 2023.
             The game lasted 00:07:11 (2198 turns).

halvedace the Poker (Merfolk Gladiator)             Turns: 2198, Time: 00:07:12

Health: -2/35      AC:  7    Str: 16      XL:     4   Next: 73%
Magic:  4/4        EV: 11    Int:  7      God:
Gold:   124        SH:  0    Dex: 13 (15) Spells: 3/3 levels left

rFire   . . .        a - +0 trident
rCold   . . .        (no shield)
rNeg    . . .        v - +0 scale mail
rPois   .            c - +0 helmet
rElec   .            (no cloak)
rCorr   +            (no gloves)
SInv    +            (no boots)
Will    .....        (no amulet) Stlth
                     k - ring of resist corrosion
HPRegen 0.25/turn    u - ring of see invisible
MPRegen 0.09/turn

%: no passive effects
@: no status effects
A: (nimble swimmer 2), mertail
a: no special abilities


You were on level 3 of the Dungeon.
You visited 1 branch of the dungeon, and saw 3 of its levels.

You collected 124 gold pieces.

Inventory:

Hand Weapons
 a - a +0 trident (weapon)
 j - a +0 sling
Missiles
 d - 3 throwing nets (quivered)
 e - a javelin
 i - 11 stones
 m - 2 boomerangs of dispersal
Armour
 b - a +0 leather armour
 c - a +0 helmet (worn)
 n - a +0 ring mail
 v - a +0 scale mail (worn)
Jewellery
 k - a ring of resist corrosion (left hand)
 u - a ring of see invisible (right hand)
Wands
 r - a wand of paralysis (7)
Scrolls
 h - 2 scrolls of identify
 l - a scroll of teleportation
 s - a scroll of blinking
Potions
 f - 2 potions of degeneration
 g - a potion of lignification
 o - a potion of might
 p - a potion of heal wounds
 q - a potion of magic
 t - a potion of haste {unknown}


   Skills:
 + Level 3.1 Fighting
 + Level 5.0 Polearms
 + Level 2.9 Throwing
 + Level 4.9 Dodging


You had 3 spell levels left.
You didn't know any spells.
Your spell library contained the following spells:

 Spells                   Type           Power      Damage    Failure   Level
 Call Canine Familiar     Summ           0%         N/A       99%         3
 Portal Projectile        Hex/Tloc       0%         N/A       99%         3
 Leda's Liquefaction      Hex/Erth       0%         N/A       100%        4


Dungeon Overview and Level Annotations

Branches:
Dungeon (3/15)

Altars:


Innate Abilities, Weirdness & Mutations

((You are very nimble when in or above water. (Stealth+, EV+, Speed+++)))
Your lower body shifts to a powerful aquatic tail in water.


Message History

The gnoll is almost dead.
The gnoll hits you with a +0 whip.
* * * LOW HITPOINT WARNING * * *
The gnoll hits you but does no damage.
You hit the gnoll.
You kill the gnoll!
The gnoll hits you but does no damage.
Your Polearms skill increases to level 5!
You barely miss the frilled lizard. The gnoll closely misses you.
The frilled lizard barely misses you.
You hit the frilled lizard.
You kill the frilled lizard!
The gnoll barely misses you. x2
Found a stone.
The gnoll hits you but does no damage. The gnoll barely misses you.
Things that are here:
a +0 whip; a frilled lizard corpse; a gnoll corpse The gnoll completely misses you.
The gnoll hits you from afar with a +0 spear.
* * * LOW HITPOINT WARNING * * *
You feel much better.
The gnoll hits you from afar with a +0 spear.
The gnoll barely misses you. The gnoll closely misses you.
The gnoll hits you from afar with a +0 spear.
The gnoll hits you with a +0 spear.
You hit the gnoll but do no damage. The gnoll hits you with a +0 spear!
You hit the gnoll.
The gnoll is moderately wounded.
The gnoll hits you but does no damage.
The gnoll hits you from afar with a +0 spear.
* * * LOW HITPOINT WARNING * * *
You closely miss the gnoll.
The gnoll is moderately wounded.
The gnoll closely misses you. The gnoll hits you but does no damage.
You closely miss the gnoll.
The gnoll is moderately wounded.
The gnoll hits you from afar with a +0 spear.
* * * LOW HITPOINT WARNING * * *
The gnoll hits you with a +0 spear.
You die...

#.#######.###...#
#.# #.# #...#
#.#######.#######
#)...........<#
#########.#####
#.# ####)#
#....######
#......@gl#
#....####g#
#....# #.g.#
###### ###.# ...
... #.#.. .# ( #


You could see 3 gnolls and a frilled lizard.

Vanquished Creatures
  A gnoll (D:3)
  5 adders
  A worm (D:2)
  A dart slug (D:2)
  3 ball pythons
  3 endoplasms
  3 giant cockroaches
  3 goblins
  3 hobgoblins
  3 quokkas
  2 bats (D:2)
  2 frilled lizards
  6 kobolds
  5 rats
41 creatures vanquished.

Notes
Turn   | Place    | Note
-------+----------+-------------------------------------------
     0 | D:1      | halvedace the Merfolk Gladiator began the quest for the
                  | Orb.
     0 | D:1      | Reached XP level 1. HP: 16/16 MP: 1/1
   203 | D:1      | Upgraded the game from 0.30-a0-1157-g2cc9ac7196 to
                  | 0.30-a0-1160-g6e42c06551
   323 | D:1      | Reached XP level 2. HP: 23/23 MP: 2/2
   997 | D:2      | Reached XP level 3. HP: 28/28 MP: 3/3
  1176 | D:2      | Reached XP level 4. HP: 20/34 MP: 4/4
  2184 | D:3      | Reached skill level 5 in Polearms
  2198 | D:3      | Slain by a gnoll

Illustrated notes

Levels and vault maps discovered:
D:1:      minmay_arrival_plants_in_alcoves, layout_basic,
          chequers_decorated_corner, columned_hall_lemuel
D:2:      layout_basic
D:3:      layout_basic, gammafunk_ghost_nasty_kobolds

Skill      XL: |  1  2  3  4 |
---------------+-------------+-----
Fighting       | 3 |  3.1
Polearms       | 5 |  5.0
Throwing       | |  2.9
Dodging        | |  4.9

Action                     |  1- 3 |  4- 6 || total
---------------------------+-------+-------++-------
  Melee: Trident           |    76 |    81 ||   157
         Punch             |       |     1 ||     1
    Use: Scroll            |     4 |     3 ||     7
         Potion            |     3 |     1 ||     4
   Stab: Sleeping          |       |     1 ||     1
 Armour: Leather armour    |    26 |    16 ||    42
         Scale mail        |       |     6 ||     6
  Dodge: Dodged            |    74 |    59 ||   133

Table legend: (Time is in decaauts)
 A = Elapsed time spent in this place.
 B = Non-inter-level travel time spent in this place.
 C = Inter-level travel time spent in this place.
 D = Time resting spent in this place.
 E = Time spent auto-exploring this place.
 F = Levels seen in this place.
 G = Mean time per level.
                   A        B        C        D        E       F      G
               +--------+--------+--------+--------+--------+-----+--------+
         Total |   2207 |   2174 |     33 |    242 |   1166 |   3 |  735.7 |
       Dungeon |   2207 |   2174 |     33 |    242 |   1166 |   3 |  735.7 |
               +--------+--------+--------+--------+--------+-----+--------+

Top non-repeatable levels by time:
     D:1: 974 daAuts
     D:2: 940 daAuts
     D:3: 292 daAuts
